[Event "Titled Tuesday Blitz August 1 Early 2023"]
[White "Bogaudinov, Rushan"]
[Black "Acikel, Mert"]
[WhiteFideId "4129288"]
[BlackFideId "12956465"]
[WhiteElo "2426"]
[BlackElo "2317"]
[Result "1-0"]
[Round "10"]
[TimeControl "180+1"]
[Date "2023.08.01"]
[WhiteClock "0:02:09"]
[BlackClock "0:01:09"]
[Board "133"]

1. d4 d5 2. g3 Nf6 3. Bg2 e6 4. c3 Be7 5. Nd2 O-O 6. Ngf3 b6 7. O-O Bb7 8. a4 c5 9. Ne5 Nbd7 10. Ndf3 Rc8 11. Bf4 Re8 12. Qb3 Ne4 13. Rfd1 Bf6 14. a5 c4 15. Qa4 Nxe5 16. dxe5 Be7 17. Nd4 Nc5 18. Qc2 g6 19. axb6 Qxb6 20. h4 Nb3 21. Nxb3 Qxb3 22. Qxb3 cxb3 23. Rxa7 Bc6 24. Be3 Rb8 25. Rda1 Bb5 26. Bf1 Bd8 27. Bd4 Bb6 28. Bxb6 Rxb6 29. Rc7 Bc4 30. Raa7 Rf8 31. e3 Bxf1 32. Kxf1 Rb5 33. Ke2 Kh8 34. Rxf7 1-0


[Site "https://www.chess.com"]

[Event "Titled Tuesday Blitz August 1 Early 2023"]
[White "Cheer_Down"]
[Black "Ferro, Mario"]
[BlackFideId "810290"]
[WhiteElo "2411"]
[BlackElo "2316"]
[Result "0-1"]
[Round "10"]
[TimeControl "180+1"]
[Date "2023.08.01"]
[WhiteClock "0:00:58"]
[BlackClock "0:02:40"]
[Board "134"]

1. e4 c5 2. Nf3 d6 3. Bb5+ Bd7 4. Bxd7+ Qxd7 5. c4 Nf6 6. Nc3 g6 7. d4 cxd4 8. Nxd4 Bg7 9. f3 O-O 10. Be3 Rc8 11. b3 e6 12. Rc1 d5 13. cxd5 exd5 14. e5 Ne8 15. f4 Nc6 16. O-O Nxd4 17. Bxd4 Nc7 18. Ne2 Ne6 19. Qd2 Bf8 20. g3 Qb5 21. Kg2 Rc6 22. Nc3 Qb4 23. Rfd1 Qxd4 24. Qxd4 Nxd4 25. Rxd4 Rac8 0-1


[Site "https://www.chess.com"]

[Event "Titled Tuesday Blitz August 1 Early 2023"]
[White "Ziatdinov, Raset"]
[Black "Silva Lucena, Cristian"]
[WhiteFideId "2015323"]
[BlackFideId "2232588"]
[WhiteElo "2300"]
[BlackElo "2397"]
[Result "0-1"]
[Round "10"]
[TimeControl "180+1"]
[Date "2023.08.01"]
[WhiteClock "0:00:03"]
[BlackClock "0:00:22"]
[Board "135"]

1. e4 c6 2. d4 d5 3. Nc3 dxe4 4. Nxe4 Nf6 5. Nxf6+ exf6 6. c3 Bd6 7. Bd3 O-O 8. Qc2 Re8+ 9. Ne2 h5 10. Bd2 Nd7 11. O-O-O Nf8 12. f3 Be6 13. Nf4 Bxa2 14. c4 b5 15. c5 Bc7 16. Qc3 Bxf4 17. Bxf4 Bd5 18. Bb1 a5 19. Qd3 g6 20. g4 Bc4 21. Qc2 Re2 22. Rd2 Rxd2 23. Qxd2 h4 24. g5 f5 25. Qf2 Ne6 26. Be5 Qxg5+ 27. f4 Qh5 28. Rg1 a4 29. Bc2 a3 30. b3 a2 31. Kb2 Bd5 32. Ra1 Qg4 33. Rxa2 Rxa2+ 34. Kxa2 Kf8 35. Kb2 Ke7 36. Bd6+ Kd7 37. Qe1 h3 38. Qa5 Qh4 39. Qa7+ Ke8 40. Qb8+ Nd8 41. Be5 Qe7 42. Bd6 Qd7 43. Qa8 f6 44. Qa1 Kf7 45. Qe1 Ne6 46. Qh4 Ng7 47. Qxh3 Qe6 48. Qh7 Qe3 49. Qh8 Qxd4+ 50. Kb1 Be4 51. Qf8+ Ke6 52. Qe7+ Kd5 53. Qxg7 Qd1+ 54. Ka2 Qxc2+ 55. Ka3 Qc1+ 56. Kb4 Qd2+ 57. Ka3 Qa5+ 58. Kb2 b4 59. Qf7+ Kd4 60. Qc4+ Ke3 61. Qc1+ Ke2 62. Qc4+ Bd3 63. Qe6+ Kd1 64. Qxf6 Qa3# 0-1


[Site "https://www.chess.com"]

[Event "Titled Tuesday Blitz August 1 Early 2023"]
[White "Rosenberg, Evan S"]
[Black "Xavier_mompel"]
[WhiteFideId "2019299"]
[WhiteElo "2394"]
[BlackElo "2290"]
[Result "0-1"]
[Round "10"]
[TimeControl "180+1"]
[Date "2023.08.01"]
[WhiteClock "0:00:05"]
[BlackClock "0:00:27"]
[Board "136"]

1. e4 c5 2. Nc3 e6 3. Nge2 Nc6 4. g3 Qc7 5. Bg2 a6 6. O-O Nf6 7. d4 cxd4 8. Nxd4 d6 9. Bg5 Be7 10. Nxc6 bxc6 11. h4 h6 12. Bc1 e5 13. b3 Be6 14. a4 Rd8 15. Qe2 d5 16. Qxa6 d4 17. Ne2 O-O 18. Qd3 c5 19. Ba3 c4 20. Qd2 d3 21. cxd3 Rxd3 22. Qc2 Rfd8 23. Bxe7 Qxe7 24. Rad1 Rxd1 25. Rxd1 cxb3 26. Rxd8+ Qxd8 27. Qb2 Qd1+ 28. Bf1 Bh3 29. Qc1 Qxc1 30. Nxc1 b2 0-1


[Site "https://www.chess.com"]

[Event "Titled Tuesday Blitz August 1 Early 2023"]
[White "ChesscularGodofchess"]
[Black "Llanos, Guillermo"]
[BlackFideId "100358"]
[WhiteElo "2253"]
[BlackElo "2381"]
[Result "0-1"]
[Round "10"]
[TimeControl "180+1"]
[Date "2023.08.01"]
[WhiteClock "0:00:23"]
[BlackClock "0:00:49"]
[Board "137"]

1. d4 Nf6 2. Nf3 b6 3. Nbd2 Bb7 4. e3 g6 5. Bd3 Bg7 6. O-O O-O 7. e4 c5 8. c3 cxd4 9. cxd4 Nc6 10. a3 d5 11. e5 Ne8 12. h4 e6 13. h5 Nc7 14. hxg6 hxg6 15. Re1 a5 16. Qe2 Ba6 17. Bxa6 Rxa6 18. Nf1 Ra7 19. Bg5 Qd7 20. Rac1 Ne7 21. Ng3 Nf5 22. Nxf5 exf5 23. Qe3 Ne6 24. Bf6 Rc8 25. Rxc8+ Qxc8 26. Rc1 Rc7 27. Rxc7 Qxc7 28. Nh4 Bxf6 29. exf6 Qf4 30. Qc3 Qxh4 31. Qc8+ Kh7 32. Qe8 Qxf6 0-1


[Site "https://www.chess.com"]

[Event "Titled Tuesday Blitz August 1 Early 2023"]
[White "Mikhaylova, Irina"]
[Black "Nosacheva, Mariya"]
[WhiteFideId "4109040"]
[BlackFideId "34111422"]
[WhiteElo "2252"]
[BlackElo "2373"]
[Result "0-1"]
[Round "10"]
[TimeControl "180+1"]
[Date "2023.08.01"]
[WhiteClock "0:00:12"]
[BlackClock "0:00:16"]
[Board "138"]

1. Nf3 Nf6 2. c4 g6 3. Nc3 d6 4. e4 Bg7 5. d4 O-O 6. Be2 c6 7. O-O Na6 8. Be3 e5 9. d5 c5 10. Nd2 Ne8 11. a3 f5 12. f3 f4 13. Bf2 g5 14. b4 b6 15. bxc5 bxc5 16. g4 fxg3 17. hxg3 Bh3 18. Re1 Qf6 19. Be3 h5 20. Bf1 Bc8 21. Bg2 Bh6 22. Nf1 g4 23. Bxh6 Qxh6 24. Qd2 Qf6 25. fxg4 hxg4 26. Ne3 Qh6 27. Rad1 Rf7 28. Nb5 Rh7 29. Nf5 Bxf5 30. Qxh6 Rxh6 31. exf5 Nac7 32. Rb1 Rf6 33. Be4 Na6 34. Kf2 Ng7 35. Ke3 Nxf5+ 36. Bxf5 Rxf5 37. Rf1 Raf8 38. Rxf5 Rxf5 39. Ke4 Rf3 40. Rh1 Rxg3 41. Kf5 Rg2 42. Kg6 g3 43. Rh7 Rf2 44. Rxa7 g2 45. Ra8+ Rf8 46. Rxf8+ Kxf8 47. Kf5 g1=Q 48. Ke6 Qg6+ 49. Kd7 e4 50. Nxd6 e3 0-1


[Site "https://www.chess.com"]

[Event "Titled Tuesday Blitz August 1 Early 2023"]
[White "Amanov, Zhanibek"]
[Black "Vafin, Ayrat"]
[WhiteFideId "13700189"]
[BlackFideId "4146530"]
[WhiteElo "2371"]
[BlackElo "2246"]
[Result "0-1"]
[Round "10"]
[TimeControl "180+1"]
[Date "2023.08.01"]
[WhiteClock "0:00:03"]
[BlackClock "0:00:53"]
[Board "139"]

1. e4 e5 2. Nf3 Nf6 3. Nxe5 d6 4. Nf3 Nxe4 5. Nc3 Nxc3 6. dxc3 Be7 7. Bd3 Nc6 8. h3 Be6 9. O-O O-O 10. Nd4 Nxd4 11. cxd4 d5 12. f4 Bf6 13. c3 Re8 14. f5 Bd7 15. Bf4 Bg5 16. Qg4 Bxf4 17. Rxf4 Qf6 18. Qf3 Bc6 19. g4 h6 20. Qg3 Re7 21. h4 Rae8 22. g5 hxg5 23. hxg5 Qd6 24. f6 Re3 25. Qh4 Rxd3 26. fxg7 Kxg7 27. Raf1 Re7 28. Kg2 Qe6 29. Rh1 Qe2+ 30. Rf2 Qe4+ 31. Qxe4 Rxe4 32. Rhf1 Be8 33. Kh2 Rh4+ 34. Kg2 Rg4+ 35. Kh2 Rxg5 36. Re2 Bd7 37. Re7 Rh3# 0-1


[Site "https://www.chess.com"]

[Event "Titled Tuesday Blitz August 1 Early 2023"]
[White "Rodriguez Santiago, Jaime"]
[Black "Putri, Regita Desyari"]
[WhiteFideId "3100898"]
[BlackFideId "7109083"]
[WhiteElo "2369"]
[BlackElo "2247"]
[Result "1-0"]
[Round "10"]
[TimeControl "180+1"]
[Date "2023.08.01"]
[WhiteClock "0:00:53"]
[BlackClock "0:00:01"]
[Board "140"]

1. c4 e5 2. Nc3 Nf6 3. g3 d5 4. cxd5 Nxd5 5. Bg2 Nb6 6. e3 Nc6 7. Nge2 Be7 8. O-O O-O 9. f4 exf4 10. Nxf4 Ne5 11. h3 Nd3 12. Qe2 Bf5 13. g4 Nxf4 14. Rxf4 Bd3 15. Qf2 Bd6 16. Rd4 Ba6 17. b4 c6 18. b5 Bxb5 19. Nxb5 cxb5 20. Ba3 Bxa3 21. Rxd8 Raxd8 22. Bxb7 Nc4 23. d4 b4 24. Rf1 a5 25. e4 Kh8 26. Bd5 Nd6 27. Qe2 f6 28. Qa6 Rde8 29. Qxd6 1-0


[Site "https://www.chess.com"]

[Event "Titled Tuesday Blitz August 1 Early 2023"]
[White "Slavin, Alexey"]
[Black "Floresvillar Gonzalez, Luis Migu"]
[WhiteFideId "24104388"]
[BlackFideId "5100542"]
[WhiteElo "2363"]
[BlackElo "2146"]
[Result "1-0"]
[Round "10"]
[TimeControl "180+1"]
[Date "2023.08.01"]
[WhiteClock "0:01:44"]
[BlackClock "0:00:00"]
[Board "141"]

1. e4 c6 2. d4 d5 3. e5 Bf5 4. Nf3 e6 5. Be2 c5 6. Be3 Nd7 7. O-O Rc8 8. c3 Ne7 9. a3 Ng6 10. b4 c4 11. a4 Be7 12. Nbd2 O-O 13. Re1 f6 14. exf6 Nxf6 15. Nf1 Ne4 16. Qc1 Nh4 17. Ng3 Nxf3+ 18. Bxf3 Nxg3 19. hxg3 h6 20. Bf4 Bg5 21. Bxg5 Qxg5 22. Qxg5 hxg5 23. g4 Be4 24. Bxe4 dxe4 25. Rxe4 Rc6 26. Rae1 Rf4 27. Rxf4 gxf4 28. Re4 a6 29. Rxf4 b5 30. a5 Kh7 31. Re4 g5 32. Re5 Kg6 33. g3 Kf6 34. f4 gxf4 35. gxf4 Rd6 36. Kf2 Rd8 37. g5+ Kf7 38. Kg3 Rh8 39. Rc5 Rh1 40. Rc7+ Kg6 41. Rc6 Kf5 42. g6 Rg1+ 43. Kf3 Rxg6 44. Rxa6 Rg1 45. Rb6 Rc1 46. Rxb5+ Kf6 47. Ke4 Rxc3 48. Rc5 1-0


[Site "https://www.chess.com"]

[Event "Titled Tuesday Blitz August 1 Early 2023"]
[White "Howell, David W L"]
[Black "cycygogne"]
[WhiteFideId "410608"]
[WhiteElo "3025"]
[BlackElo "2177"]
[Result "1-0"]
[Round "10"]
[TimeControl "180+1"]
[Date "2023.08.01"]
[WhiteClock "0:00:04"]
[BlackClock "0:00:10"]
[Board "142"]

1. a3 e5 2. c3 d5 3. d4 e4 4. Bf4 g5 5. Bd2 Nd7 6. Qc1 h6 7. c4 dxc4 8. h4 g4 9. Qxc4 Nb6 10. Qc2 Bg7 11. e3 Nf6 12. Nc3 Bf5 13. Nge2 Qe7 14. Ng3 Bh7 15. Be2 O-O 16. h5 c6 17. O-O Rad8 18. Rac1 Nbd5 19. Bc4 Nxc3 20. bxc3 Nd5 21. Bb3 Qg5 22. Qa2 Nf6 23. c4 Nxh5 24. Nxh5 Qxh5 25. g3 Qg5 26. Kg2 h5 27. Rh1 f5 28. Rh2 Bg6 29. Bb4 Rf7 30. c5 Kf8 31. d5 cxd5 32. Bxd5 Ke8 33. c6 bxc6 34. Bxc6+ Rfd7 35. Qe6+ Qe7 36. Qxe7# 1-0


[Site "https://www.chess.com"]

[Event "Titled Tuesday Blitz August 1 Early 2023"]
[White "robertoalejandro10"]
[Black "Levitan, Caleb Levi"]
[BlackFideId "14332620"]
[WhiteElo "2533"]
[BlackElo "2292"]
[Result "1-0"]
[Round "10"]
[TimeControl "180+1"]
[Date "2023.08.01"]
[WhiteClock "0:00:10"]
[BlackClock "0:00:02"]
[Board "143"]

1. e4 e5 2. Nf3 Nc6 3. Bc4 Bc5 4. c3 Nf6 5. d3 O-O 6. O-O d5 7. exd5 Nxd5 8. d4 exd4 9. cxd4 Bb6 10. Nc3 Be6 11. Bb3 h6 12. Be3 Nxe3 13. fxe3 Bxb3 14. Qxb3 Qd6 15. Rfe1 Ba5 16. Rad1 Bxc3 17. bxc3 b6 18. e4 Rfe8 19. e5 Qg6 20. Rf1 Ne7 21. Rf2 Nf5 22. Rdf1 Rf8 23. Nd2 Ne3 24. Re1 Ng4 25. Rfe2 h5 26. e6 h4 27. e7 Rfe8 28. h3 Nf6 29. Nf3 Qg3 30. Re3 Nh5 31. Ne5 Qf4 32. Rf3 Qd2 33. Qxf7+ Kh7 34. Qxh5+ Kg8 35. Ref1 Rxe7 36. Rf8+ Rxf8 37. Rxf8+ Kxf8 38. Qh8# 1-0


[Site "https://www.chess.com"]

[Event "Titled Tuesday Blitz August 1 Early 2023"]
[White "Girya, Olga"]
[Black "Fernandez Siles, Luis"]
[WhiteFideId "4195752"]
[BlackFideId "2209420"]
[WhiteElo "2461"]
[BlackElo "2290"]
[Result "1-0"]
[Round "10"]
[TimeControl "180+1"]
[Date "2023.08.01"]
[WhiteClock "0:00:20"]
[BlackClock "0:00:07"]
[Board "144"]

1. d4 Nf6 2. Nf3 g6 3. Bg5 Bg7 4. Nbd2 O-O 5. c3 d5 6. e3 b6 7. Bd3 Ba6 8. Bxa6 Nxa6 9. O-O c5 10. a4 h6 11. Bf4 Nh5 12. Bg3 Nxg3 13. hxg3 Nb8 14. a5 Nd7 15. Qa4 e5 16. dxe5 Nxe5 17. Nxe5 Bxe5 18. Nf3 Bg7 19. Rfd1 Re8 20. Qc6 bxa5 21. Rxd5 Qb6 22. Rxc5 Qxb2 23. Rcxa5 Qxc3 24. Qa6 Re6 25. Qb7 Rd8 26. Qxa7 Qc2 27. Rf1 Rd1 28. Rxd1 Qxd1+ 29. Kh2 Rc6 30. Qa8+ Kh7 31. Qxc6 1-0


[Site "https://www.chess.com"]

[Event "Titled Tuesday Blitz August 1 Early 2023"]
[White "rionelG"]
[Black "Schlecht, Daniel, Dr."]
[BlackFideId "4623959"]
[WhiteElo "2290"]
[BlackElo "2413"]
[Result "1-0"]
[Round "10"]
[TimeControl "180+1"]
[Date "2023.08.01"]
[WhiteClock "0:02:20"]
[BlackClock "0:01:54"]
[Board "145"]

1. e4 c6 2. d4 d5 3. e5 Bf5 4. Nf3 e6 5. Be2 c5 6. Be3 Qb6 7. Nc3 Nc6 8. O-O Qxb2 9. Qe1 cxd4 10. Nxd4 Nxd4 11. Bxd4 Qa3 12. Nb5 Qa5 13. Qxa5 1-0


[Site "https://www.chess.com"]

[Event "Titled Tuesday Blitz August 1 Early 2023"]
[White "Joshi, Pankaj"]
[Black "Avazkhonov, Alikhon"]
[WhiteFideId "5006210"]
[BlackFideId "14208504"]
[WhiteElo "2267"]
[BlackElo "2403"]
[Result "0-1"]
[Round "10"]
[TimeControl "180+1"]
[Date "2023.08.01"]
[WhiteClock "0:00:00"]
[BlackClock "0:00:03"]
[Board "146"]

1. e4 c5 2. Nc3 d6 3. f4 Nf6 4. Nf3 a6 5. d3 Nc6 6. g3 b5 7. Bg2 Bb7 8. O-O g6 9. h3 Bg7 10. g4 O-O 11. Ne2 c4 12. Be3 Rc8 13. Ng3 cxd3 14. cxd3 Nb4 15. Ne1 Nd7 16. a3 Nc6 17. d4 Na5 18. Qe2 Nc4 19. Bf2 Qb6 20. Nf3 Rc7 21. e5 dxe5 22. dxe5 Qa5 23. b3 Bxf3 24. Bxf3 Nd2 25. b4 Nxf3+ 26. Qxf3 Qa4 27. Ne4 Rfc8 28. Nc5 Nxc5 29. Bxc5 e6 30. f5 Bf8 31. Bd6 Rc3 32. Qb7 Qc2 33. Rf2 Rg3+ 34. Rg2 Rcc3 35. fxe6 fxe6 36. Rf1 Rxg2+ 37. Qxg2 Bxd6 0-1


[Site "https://www.chess.com"]

[Event "Titled Tuesday Blitz August 1 Early 2023"]
[White "Vaglio Munoz, Jaime"]
[Black "KorolDimitriy75"]
[WhiteFideId "6500145"]
[WhiteElo "2267"]
[BlackElo "2388"]
[Result "1-0"]
[Round "10"]
[TimeControl "180+1"]
[Date "2023.08.01"]
[WhiteClock "0:01:09"]
[BlackClock "0:00:00"]
[Board "147"]

1. Nf3 c5 2. c4 g6 3. b3 Bg7 4. Nc3 Nc6 5. Bb2 Nh6 6. g3 Nf5 7. Bg2 h5 8. O-O h4 9. g4 h3 10. gxf5 hxg2 11. Kxg2 d6 12. e4 gxf5 13. h4 fxe4 14. Ng5 Rxh4 15. f3 exf3+ 16. Qxf3 Ne5 17. Nxf7 Nxf3 18. Nxd8 Nxd2 19. Rf2 Nxc4 20. bxc4 Kxd8 21. Rf7 Bf6 22. Rd1 Kc7 23. Nb5+ Kb6 24. Bxf6 exf6 25. Rxd6+ Ka5 26. Nc7 Rb8 27. Nd5 b6 28. Rxa7+ Ba6 29. Nc7 Kb4 30. Nxa6+ Kxc4 31. Nxb8 Rh8 32. Nc6 b5 33. Rxf6 b4 34. Rb7 1-0


[Site "https://www.chess.com"]

[Event "Titled Tuesday Blitz August 1 Early 2023"]
[White "Pershina, Elena"]
[Black "Smietanska, Wiktoria"]
[WhiteFideId "24147516"]
[BlackFideId "21869359"]
[WhiteElo "2370"]
[BlackElo "2266"]
[Result "1-0"]
[Round "10"]
[TimeControl "180+1"]
[Date "2023.08.01"]
[WhiteClock "0:00:07"]
[BlackClock "0:00:03"]
[Board "148"]

1. c4 Nf6 2. g3 g6 3. Bg2 Bg7 4. Nf3 O-O 5. O-O d6 6. d4 Nc6 7. h3 e5 8. Be3 Nh5 9. Nc3 f5 10. dxe5 dxe5 11. Qxd8 Nxd8 12. Nd5 c6 13. Ne7+ Kf7 14. Nxc8 Rxc8 15. Rfd1 Rc7 16. Bxa7 Ne6 17. Bb6 Re7 18. Rd2 e4 19. Nd4 Bh6 20. e3 Ra8 21. a3 Nc7 22. Rad1 Ng7 23. Bc5 Ree8 24. Nxf5 gxf5 25. Rd7+ Kg8 26. Rxc7 Ne6 27. Bb6 Nxc7 28. Bxc7 Bg7 29. Rd2 Rac8 30. Bb6 Bf6 31. g4 fxg4 32. hxg4 Bd8 33. Bd4 Bc7 34. Bc3 Rcd8 35. Rxd8 Bxd8 36. Kf1 Bc7 37. Ke2 Be5 38. Kd2 Bxc3+ 39. Kxc3 c5 40. b4 b6 41. Kd2 Ra8 42. Bxe4 Rxa3 43. bxc5 bxc5 44. Bd5+ Kg7 45. Ke2 Kf6 46. Kf3 Kg5 47. Kg3 Ra2 48. f4+ Kf6 49. Kf3 Rh2 50. g5+ Kf5 51. e4+ Kg6 52. Kg4 h6 53. f5+ Kg7 54. gxh6+ Kxh6 55. Kf4 Rf2+ 56. Ke5 Kg5 57. Kd6 Kf4 58. Kxc5 Ke5 59. Kc6 Ra2 60. c5 Kd4 61. Kd6 Rc2 62. c6 Rb2 63. c7 Rc2 64. Kd7 Ke5 65. c8=Q 1-0


[Site "https://www.chess.com"]

[Event "Titled Tuesday Blitz August 1 Early 2023"]
[White "Thiel, Thomas"]
[Black "Gauravthegm"]
[WhiteFideId "4615964"]
[WhiteElo "2261"]
[BlackElo "2370"]
[Result "0-1"]
[Round "10"]
[TimeControl "180+1"]
[Date "2023.08.01"]
[WhiteClock "0:01:17"]
[BlackClock "0:01:24"]
[Board "149"]

1. e4 c5 2. Nc3 Nc6 3. Bb5 g6 4. Bxc6 bxc6 5. f4 d6 6. Nf3 Bg7 7. O-O Nf6 8. d3 O-O 9. Qe1 Rb8 10. Qh4 Ne8 11. f5 Bd7 12. fxg6 fxg6 13. Bg5 Rf7 14. Rab1 Be6 15. e5 dxe5 16. b3 Bd5 17. Ne4 Nf6 18. Bh6 Nxe4 19. dxe4 Bxe4 20. Bxg7 Bxf3 21. Bxe5 Rb4 22. Rxf3 Rxh4 0-1


[Site "https://www.chess.com"]

[Event "Titled Tuesday Blitz August 1 Early 2023"]
[White "Tuleyeva-Aketayeva, Dana"]
[Black "Shapiro, Daniel"]
[WhiteFideId "13701932"]
[BlackFideId "2001780"]
[WhiteElo "2237"]
[BlackElo "2352"]
[Result "0-1"]
[Round "10"]
[TimeControl "180+1"]
[Date "2023.08.01"]
[WhiteClock "0:00:01"]
[BlackClock "0:00:18"]
[Board "150"]

1. d4 Nf6 2. Nf3 b6 3. g3 d5 4. Bg2 e6 5. O-O Be7 6. c4 c6 7. Nc3 Bb7 8. Nd2 Nbd7 9. e4 O-O 10. b3 Rc8 11. Bb2 a5 12. Rc1 Ba6 13. Re1 dxe4 14. Ndxe4 Re8 15. d5 exd5 16. cxd5 Nxe4 17. Nxe4 cxd5 18. Qxd5 Nc5 19. Nxc5 Qxd5 20. Bxd5 Bxc5 21. Kg2 Red8 22. Rcd1 Rxd5 23. Rxd5 Bb7 24. Re5 Rd8 25. Kf1 Bxd5 26. Rg5 Bf8 27. Bf6 Rd6 28. Bb2 Bf3 29. Ke1 Rd1# 0-1


[Site "https://www.chess.com"]

[Event "Titled Tuesday Blitz August 1 Early 2023"]
[White "Topalov, Aleksandar"]
[Black "hsd2016"]
[WhiteFideId "925659"]
[WhiteElo "2351"]
[BlackElo "2235"]
[Result "1-0"]
[Round "10"]
[TimeControl "180+1"]
[Date "2023.08.01"]
[WhiteClock "0:01:19"]
[BlackClock "0:01:28"]
[Board "151"]

1. b3 c5 2. Bb2 Nc6 3. c4 Nf6 4. e3 g6 5. Nf3 Bg7 6. Be2 O-O 7. O-O d6 8. d4 cxd4 9. Nxd4 Nxd4 10. Qxd4 Bd7 11. Nc3 Bc6 12. Qd2 Qd7 13. Rfd1 Qf5 14. Bf1 Rad8 15. Rac1 d5 16. cxd5 Nxd5 17. e4 Nxc3 18. Qxd8 Nxd1 19. Qxf8+ Kxf8 20. exf5 Nxb2 21. fxg6 hxg6 22. Bb5 Nd3 23. Bxd3 Bd4 24. Kf1 e5 25. a4 f5 26. f3 Ke7 27. Bb5 Bxb5+ 28. axb5 Kd6 29. Ke2 Bc5 30. Rd1+ Kc7 31. Kd3 Kb6 32. Kc4 Bd4 33. f4 Bb2 34. fxe5 Bxe5 35. h3 a6 36. bxa6 bxa6 37. Rd5 Bg3 38. Rd3 Be5 39. Re3 1-0


[Site "https://www.chess.com"]

[Event "Titled Tuesday Blitz August 1 Early 2023"]
[White "Nithyalakshmi, Sivanesan"]
[Black "UgarteCesar"]
[WhiteFideId "5706955"]
[WhiteElo "2350"]
[BlackElo "2219"]
[Result "1-0"]
[Round "10"]
[TimeControl "180+1"]
[Date "2023.08.01"]
[WhiteClock "0:00:20"]
[BlackClock "0:00:07"]
[Board "152"]

1. e4 c5 2. Nc3 Nc6 3. f4 g6 4. Nf3 Bg7 5. Bc4 e6 6. d3 a6 7. O-O Nge7 8. Qe1 d5 9. exd5 Nd4 10. dxe6 fxe6 11. Nxd4 cxd4 12. Nd1 Qd6 13. Nf2 b5 14. Ne4 Qb6 15. Bb3 h6 16. Qh4 Nf5 17. Qh3 O-O 18. g4 Nd6 19. Re1 Nxe4 20. Rxe4 Bd7 21. g5 hxg5 22. Bxe6+ Bxe6 23. Rxe6 Qc5 24. Bd2 Qxc2 25. Bb4 Rxf4 26. Rf1 Rh4 27. Qg2 Qxg2+ 28. Kxg2 Rc8 29. Rf2 Rf4 30. Rfe2 Rf6 31. Rxf6 Bxf6 32. Kg3 Kf7 33. Kg4 Re8 34. Rxe8 Kxe8 35. Bd2 Be5 36. h3 Kf7 37. Bxg5 a5 38. b3 a4 39. bxa4 bxa4 40. Kf3 Ke6 41. Ke4 Bg7 42. Bd2 Bf6 43. Bc1 Kd6 44. Ba3+ Kc6 45. Bb4 Kb5 46. Be1 Kc5 47. Bf2 Bg7 48. Bg1 Bf6 49. Bh2 Bg7 50. a3 Bf6 51. Be5 Bxe5 52. Kxe5 g5 53. Kf5 g4 54. hxg4 Kd6 55. Kf6 Kd7 56. Kf7 Kd6 57. g5 Ke5 58. g6 Kf4 59. g7 Ke3 60. g8=Q Kxd3 61. Qg2 Kc3 62. Ke6 Kb3 63. Kd5 Kxa3 64. Kxd4 Kb3 65. Qb7+ Ka2 66. Kc3 a3 67. Qb3+ Ka1 68. Kc2 1-0


[Site "https://www.chess.com"]

[Event "Titled Tuesday Blitz August 1 Early 2023"]
[White "Mayaud, Raphael"]
[Black "Tagliata"]
[WhiteFideId "627151"]
[WhiteElo "2347"]
[BlackElo "2211"]
[Result "1-0"]
[Round "10"]
[TimeControl "180+1"]
[Date "2023.08.01"]
[WhiteClock "0:01:06"]
[BlackClock "0:02:03"]
[Board "153"]

1. d4 d5 2. Nf3 Nf6 3. c4 e6 4. g3 Bb4+ 5. Bd2 Bxd2+ 6. Nbxd2 O-O 7. Bg2 c5 8. dxc5 Na6 9. O-O Nxc5 10. Nb3 Nce4 11. cxd5 Qxd5 12. Qxd5 Nxd5 13. Nfd4 Nef6 14. a3 b6 15. e4 Ne7 16. Nb5 Ba6 17. a4 Rac8 18. Rfc1 Rc7 19. Nxc7 1-0


[Site "https://www.chess.com"]

[Event "Titled Tuesday Blitz August 1 Early 2023"]
[White "BeautiFullMindChess"]
[Black "Lopez Gracia, Fernando"]
[BlackFideId "2207184"]
[WhiteElo "2182"]
[BlackElo "2346"]
[Result "1-0"]
[Round "10"]
[TimeControl "180+1"]
[Date "2023.08.01"]
[WhiteClock "0:00:03"]
[BlackClock "0:00:51"]
[Board "154"]

1. d4 Nf6 2. c4 e6 3. Nc3 Bb4 4. Qc2 c5 5. Nf3 Nc6 6. e3 d5 7. Bd2 cxd4 8. Nxd4 O-O 9. a3 Bd6 10. cxd5 exd5 11. Be2 Nxd4 12. exd4 Re8 13. O-O a6 14. Bg5 h6 15. Bxf6 Qxf6 16. Nxd5 Qh4 17. f4 Be6 18. Bf3 Bxd5 19. Bxd5 Bxf4 20. g3 Be3+ 21. Kh1 Qxd4 22. Bxf7+ Kh8 23. Bxe8 Rxe8 24. Rad1 Qg4 25. Qg2 Bc5 26. Rde1 Rd8 27. Qf3 Qg6 28. b4 Bb6 29. Qe4 Qd6 30. Rd1 Qxd1 31. Rxd1 Rxd1+ 32. Kg2 Rd2+ 33. Kh3 Rd8 34. Qxb7 Bg1 35. Qg2 Be3 36. Qe2 Bc1 37. a4 Ba3 38. b5 axb5 39. axb5 Bc5 40. Qc4 Bg1 41. Qf4 Re8 42. Qf1 Bb6 43. Qf7 Rd8 44. Qb7 Bg1 45. Qc7 Rd2 46. b6 Rxh2+ 47. Kg4 h5+ 48. Kg5 Be3+ 49. Kg6 Rf2 50. Qxg7# 1-0


[Site "https://www.chess.com"]

[Event "Titled Tuesday Blitz August 1 Early 2023"]
[White "Elissalt Cardenas, Hector"]
[Black "Mirzanurov, Bulat"]
[WhiteFideId "3500632"]
[BlackFideId "4184521"]
[WhiteElo "2332"]
[BlackElo "2181"]
[Result "1-0"]
[Round "10"]
[TimeControl "180+1"]
[Date "2023.08.01"]
[WhiteClock "0:00:15"]
[BlackClock "0:00:00"]
[Board "155"]

1. d4 d5 2. c4 e6 3. Nc3 c5 4. cxd5 exd5 5. Nf3 Nc6 6. Be3 c4 7. Bg5 Be7 8. Bxe7 Ngxe7 9. g3 O-O 10. Bg2 f5 11. O-O Rb8 12. e3 h6 13. Ne5 Be6 14. f4 b5 15. a3 Na5 16. Qh5 Qe8 17. Qe2 Nb3 18. Rad1 Qd8 19. Bf3 a5 20. Qg2 b4 21. axb4 axb4 22. Na4 Qa5 23. Nc5 Nxc5 24. dxc5 Qxc5 25. Rd4 Rfd8 26. Rfd1 b3 27. Nxc4 Nc6 28. Ne5 Nxd4 29. exd4 Qb6 30. h3 Rbc8 31. Rd2 Ra8 32. Kh2 Ra4 33. Qf2 Qd6 34. g4 fxg4 35. hxg4 Rb8 36. Qg2 Rbb4 37. f5 Rxd4 38. Re2 Bf7 39. Qg3 Rf4 40. Nd3 Rxf3 41. Qxd6 Rxd3 42. Qd8+ Kh7 43. Qe7 Bg8 44. Qe8 Rxg4 45. Qe5 Rdg3 46. Qxg3 Rxg3 47. Kxg3 g6 48. fxg6+ Kxg6 49. Kf4 d4 50. Rd2 h5 51. Rxd4 Bh7 52. Rd6+ Kg7 53. Kg5 1-0


[Site "https://www.chess.com"]

[Event "Titled Tuesday Blitz August 1 Early 2023"]
[White "LionKing2367890"]
[Black "Alimpic, Aleksa"]
[BlackFideId "974323"]
[WhiteElo "2179"]
[BlackElo "2319"]
[Result "0-1"]
[Round "10"]
[TimeControl "180+1"]
[Date "2023.08.01"]
[WhiteClock "0:00:15"]
[BlackClock "0:00:08"]
[Board "156"]

1. e4 g6 2. d4 Bg7 3. Be3 a6 4. Nd2 c5 5. c3 cxd4 6. cxd4 d5 7. e5 Nc6 8. Ngf3 Bg4 9. Be2 Nh6 10. h3 Bxf3 11. Nxf3 Nf5 12. Bf4 Qa5+ 13. Bd2 Qb6 14. Bc3 f6 15. exf6 Bxf6 16. O-O O-O 17. Qd2 Nfxd4 18. Rad1 e5 19. Bxd4 Nxd4 20. Nxd4 Qxd4 21. Qxd4 exd4 22. Bf3 Rfd8 23. Rd3 Kf7 24. Rfd1 Ke6 25. Rc1 Kd6 26. Rcd1 Rac8 27. g3 h5 28. Bg2 h4 29. g4 g5 30. Rf3 Be5 31. Rf5 Rg8 32. Re1 Rce8 33. Rf7 b5 34. Kf1 b4 35. Ra7 Ra8 36. Rf7 a5 37. Rf5 Rae8 38. Rf7 a4 39. Rb7 Rb8 40. Ra7 Ra8 41. Rb7 Rgb8 42. Rf7 Bf4 43. Rf5 Ra5 44. Rf6+ Kc5 45. Ree6 Kc4 46. Ke2 d3+ 47. Kd1 a3 48. b3+ Kc3 49. Bf1 Rc5 50. Rf5 d2 51. Rxf4 gxf4 52. Rf6 Kb2 53. Kxd2 Kxa2 54. Bd3 Kb2 55. Rxf4 a2 0-1


[Site "https://www.chess.com"]